Map: Nightscape LE

Players

krypto

  • Race: Zerg Zerg
  • League: Platinum
  • Spawn Location: 7:00

Lonestar

  • Race: Zerg Zerg
  • League: Platinum
  • Spawn Location: 7:00

Massa - Winner!

  • Race: Terran Terran
  • League: Platinum
  • Spawn Location: 1:00

qqq - Winner!

  • Race: Zerg Zerg
  • League: Platinum
  • Spawn Location: 1:00

VOD

Have the link to the VOD?

Description

Time

  • Played on: Sept. 26, 2020, 3:51 p.m.
  • Length: 16:28
Show
View Real Time Build Order
Export as new Build Order

krypto Zerg 

Build Orders: Hatch First 

Get SALT Encoding   

  12  0:00  Drone  
  13  0:09  Drone  
  14  0:17  Overlord  
  14  0:36  Drone, Overlord  
  14  0:37  Drone  
  16  0:48  Drone  
  17  1:05  Drone  
  17  1:07  Hatchery  
  17  1:12  Drone  
  18  1:21  Spawning Pool  
  18  1:22  Drone  
  18  1:28  Extractor  
  18  1:30  Drone  
  18  1:41  Drone  
  19  1:52  Drone  
  20  2:03  Drone  
  20  2:07  Queen  
  23  2:13  Drone  
  24  2:20  Queen  
  24  2:21  Drone  
  27  2:26  Drone  
  28  2:30  Metabolic Boost  
  28  2:31  Drone  
  28  2:34  Drone  
  28  2:35  Extractor  
  29  2:41  Drone  
  30  2:47  Drone  
  30  3:00  Drone x2  
  30  3:02  Queen  
  30  3:04  Queen  
  36  3:11  Overlord x2  
  36  3:18  Overlord x2  
  36  3:25  Overlord x2  
  36  3:26  Overlord  
  36  3:38  Drone x2  
  36  3:39  Drone, Evolution Chamber  
  38  3:42  Lair  
  38  3:46  Extractor  
  38  3:47  Zergling x2  
  38  3:51  Zergling x2  
  38  3:55  Extractor  
  38  3:56  Drone  
  38  3:57  Drone  
  40  4:14  Zergling x12  
  46  4:36  Zergling x2  
  46  4:37  Zergling x6  
  50  4:48  Zerg Missile Weapons Level 1  
  50  4:49  Hatchery  
  49  4:55  Nydus Network  
  48  5:07  Drone x2  
  48  5:08  Drone x3  
  53  5:18  Hydralisk Den  
  46  5:47  Zergling x2  
  46  5:48  Zergling x18  
  44  5:59  Zergling x6  
  47  6:06  Zergling x4  
  49  6:28  Hydralisk  
  49  6:29  Hydralisk x4  
  59  6:44  Pneumatized Carapace  
  59  6:47  Grooved Spines  
  59  6:50  Nydus Canal  
  59  6:59  Hydralisk x3  
  44  7:25  Spore Crawler  
  44  7:26  Spore Crawler  
  44  7:27  Drone x4  
  46  7:34  Spore Crawler  
  46  7:36  Zerg Missile Weapons Level 2  
  45  7:39  Hydralisk  
  45  7:42  Drone  
  45  7:43  Drone  
  49  7:53  Spore Crawler  
  48  8:04  Hydralisk x2  
  48  8:26  Drone x5  
  48  8:27  Drone x4  
  53  8:33  Drone x2  
  57  8:42  Nydus Canal  
  57  8:48  Hydralisk x2  
  57  8:55  Zergling x6  
  64  9:17  Hydralisk  
  57  9:31  Muscular Augments  
  57  9:35  Hydralisk x4  
  65  9:43  Extractor  
  65  9:45  Spore Crawler  
  63  9:47  Spore Crawler  
  63  9:48  Extractor  
  63  9:49  Spine Crawler  
  63  9:50  Spine Crawler  
  63  9:51  Queen  
  63  9:52  Drone x4  
  65  9:54  Spine Crawler, Overlord  
  64  10:01  Spore Crawler  
  58  10:16  Drone x5  
  58  10:18  Drone x4  
  67  10:30  Drone x6  
  72  10:47  Zerg Ground Armor Level 1  
  72  11:10  Overlord x4  
  72  11:11  Overlord x2  
  56  11:26  Hydralisk x2  
  56  11:27  Hydralisk x3  
  56  11:28  Overlord, Baneling Nest  
  56  11:29  Overlord x4  
  56  11:30  Hydralisk  
  67  11:46  Hydralisk x5  
  77  12:04  Hydralisk x3  
  77  12:05  Hydralisk x4  
  91  12:14  Centrifical Hooks  
  91  12:19  Spore Crawler  
  91  12:20  Spore Crawler  
  89  12:23  Zergling x2  
  89  12:24  Zergling x10  
  95  12:41  Zerg Melee Weapons Level 1  
  81  12:56  Hydralisk x2  
  81  12:57  Hydralisk x8  
  81  12:58  Hydralisk x2  
  77  13:08  Hydralisk x3  
  83  13:20  Hydralisk x4  
  85  13:38  Zergling x14  
  88  13:46  Hydralisk x2  
  92  13:55  Zergling x8  
  96  13:56  Zergling x2  
  96  13:58  Baneling x3  
  96  13:59  Baneling x3  
  96  14:01  Zergling x4  
  96  14:02  Baneling x2  
  99  14:03  Baneling x4  
  99  14:04  Zergling x2  
  100  14:15  Zergling x4  
  100  14:16  Zergling x6  
  104  14:25  Zergling x6  
  104  14:26  Zergling x4  
  104  14:28  Baneling x3  
  104  14:29  Baneling x5  
  109  14:32  Zergling x4  
  109  14:38  Zergling x2  
  93  14:56  Zergling x16  
  98  15:14  Hatchery  
  63  15:18  Zergling x2  
  63  15:19  Zergling x16  
  70  15:22  Baneling  
  70  15:23  Baneling x17  
  70  15:26  Hydralisk x2  
  74  15:30  Hydralisk  
  76  15:40  Hydralisk  
  78  15:44  Baneling x3  
  78  15:45  Baneling x2  
  78  15:46  Baneling  
  78  15:47  Baneling  
  78  15:56  Hydralisk x5  
Show
View Real Time Build Order
Export as new Build Order

Lonestar Zerg 

Build Orders: Hatch First, Lurkers, Roach Hydra, Roach Nydus 

Get SALT Encoding   

  12  0:02  Drone  
  13  0:12  Overlord  
  13  0:16  Drone  
  14  0:31  Drone x2  
  16  0:40  Drone  
  17  0:50  Drone  
  18  0:59  Drone  
  18  1:03  Extractor  
  18  1:04  Hatchery  
  18  1:09  Drone  
  18  1:21  Drone, Spawning Pool  
  18  1:34  Drone  
  18  1:39  Overlord  
  19  1:51  Overlord  
  19  2:10  Roach Warren  
  19  2:11  Extractor  
  19  2:12  Lair  
  19  2:15  Queen  
  17  2:18  Drone  
  17  2:20  Drone  
  21  2:24  Drone  
  22  2:32  Evolution Chamber  
  21  2:41  Zergling x4  
  22  2:46  Spine Crawler  
  21  3:12  Drone x2  
  21  3:13  Drone x4  
  25  3:39  Roach x3  
  25  3:40  Nydus Network  
  25  3:41  Roach  
  32  3:49  Roach  
  34  3:56  Roach  
  34  3:59  Overlord  
  34  4:01  Overlord  
  36  4:17  Zerg Missile Weapons Level 1  
  36  4:25  Drone  
  36  4:26  Drone x4  
  41  4:40  Nydus Canal  
  41  4:45  Roach x2  
  45  4:46  Roach  
  47  5:02  Drone x6  
  47  5:06  Extractor  
  48  5:08  Extractor  
  48  5:11  Nydus Canal  
  47  5:16  Drone  
  47  5:17  Drone  
  47  5:20  Glial Reconstitution  
  49  5:33  Roach  
  49  5:34  Overlord  
  46  5:53  Roach x5  
  46  6:17  Roach x5  
  46  6:18  Roach  
  58  6:24  Nydus Canal  
  58  6:27  Drone  
  58  6:28  Drone  
  60  6:34  Hatchery  
  60  6:39  Zerg Missile Weapons Level 2  
  59  7:02  Nydus Canal  
  59  7:11  Overlord  
  59  7:12  Overlord x2  
  59  7:18  Hydralisk Den  
  59  7:19  Spore Crawler  
  59  7:20  Spore Crawler  
  56  7:26  Drone x4, Spore Crawler  
  56  7:28  Overlord  
  56  7:29  Overlord x2  
  59  7:40  Drone x3  
  62  7:56  Hydralisk, Grooved Spines  
  62  7:57  Hydralisk  
  60  8:43  Hydralisk x10  
  80  8:52  Overlord x2  
  80  9:08  Muscular Augments  
  72  9:14  Hydralisk x2  
  72  9:15  Hydralisk x2  
  60  9:47  Drone x7  
  67  9:58  Hatchery  
  66  10:24  Hydralisk  
  66  10:25  Hydralisk x7  
  66  10:26  Hatchery  
  81  10:40  Nydus Canal  
  81  10:42  Hydralisk  
  81  10:43  Hydralisk x2  
  87  10:53  Infestation Pit  
  86  11:02  Drone x5, Lurker Den  
  90  11:27  Hydralisk x2  
  90  11:28  Hydralisk x3  
  100  11:35  Hive  
  100  11:44  Nydus Canal  
  95  12:13  Zerg Ground Armor Level 1  
  95  12:23  Drone x2  
  95  12:28  Lurker x2  
  95  12:29  Lurker x8  
  107  12:30  Hatchery  
  107  12:32  Hydralisk  
  72  12:56  Hydralisk x5  
  72  12:57  Hydralisk  
  69  13:20  Hydralisk x4  
  72  13:41  Hydralisk x4  
  70  13:46  Adaptive Talons  
  70  13:47  Lurker  
  79  13:49  Lurker  
  79  13:51  Lurker  
  81  13:58  Drone x2  
  74  14:16  Hydralisk x4  
  82  14:36  Hydralisk x4  
  81  14:55  Lurker x5  
  81  14:57  Zergling x2  
  81  14:58  Zergling x6  
  71  15:30  Hydralisk  
  71  15:31  Hydralisk x5  
Show
View Real Time Build Order
Export as new Build Order

Massa Terran - Winner!

Build Orders: Gas First Reaper Expand 

Get SALT Encoding   

  12  0:00  SCV  
  13  0:12  SCV  
  14  0:22  Supply Depot  
  14  0:24  SCV  
  15  0:29  Refinery  
  15  0:43  SCV  
  15  0:45  Barracks  
  16  0:55  SCV  
  17  1:07  SCV  
  18  1:20  SCV  
  19  1:32  Reaper  
  20  1:37  Command Center  
  20  1:43  Orbital Command  
  20  2:00  Factory  
  20  2:04  Marine  
  20  2:05  Supply Depot  
  21  2:13  SCV  
  22  2:22  Barracks Reactor  
  22  2:25  SCV  
  23  3:19  Orbital Command  
  23  3:20  SCV  
  23  3:24  Command Center  
  24  3:32  SCV  
  25  3:35  Hellion x2  
  25  3:37  Barracks Tech Lab  
  29  3:44  SCV  
  30  3:56  SCV, Hellion x2  
  30  3:57  Stimpack  
  30  3:59  SCV  
  36  4:08  SCV  
  37  4:11  SCV  
  37  4:16  Refinery  
  38  4:18  Hellion x2  
  38  4:19  Engineering Bay  
  38  4:20  SCV  
  38  4:22  Armory  
  38  4:23  SCV  
  38  4:24  Engineering Bay  
  44  4:32  Marauder  
  46  4:39  Widow Mine  
  46  4:44  Starport  
  48  4:52  Orbital Command  
  48  5:13  Missile Turret  
  48  5:14  Terran Infantry Weapons Level 1  
  48  5:18  SCV x3  
  48  5:19  Engineering Bay  
  51  5:30  SCV x2  
  51  5:35  Marauder  
  49  5:56  SCV x3  
  49  5:57  Marauder  
  47  6:08  SCV x3  
  50  6:18  Marauder  
  52  6:20  SCV, Viking  
  55  6:27  Hellion x2  
  55  6:29  SCV x2  
  61  6:38  Missile Turret  
  61  6:59  Missile Turret  
  61  7:04  Concussive Shells  
  61  7:19  Missile Turret  
  61  7:32  Supply Depot  
  61  7:33  Supply Depot  
  61  7:34  Supply Depot  
  61  7:35  Supply Depot  
  61  7:36  Supply Depot  
  61  7:38  Missile Turret  
  61  7:40  Missile Turret  
  61  7:52  Supply Depot  
  61  7:54  SCV x2, Hellion x2, Marauder, Supply Depot  
  61  7:55  SCV, Viking, Supply Depot  
  61  7:57  Supply Depot  
  61  7:58  Supply Depot  
  72  7:59  Terran Infantry Armor Level 1  
  72  8:00  Missile Turret x2  
  72  8:06  SCV x2  
  72  8:07  SCV  
  65  8:16  Hellion x2, Marauder  
  65  8:18  SCV x2  
  65  8:19  SCV  
  72  8:23  Supply Depot  
  72  8:25  Medivac  
  72  8:30  SCV x2  
  72  8:31  SCV  
  73  8:45  Barracks  
  73  8:46  Factory Tech Lab  
  73  8:55  Viking  
  75  8:58  Refinery  
  75  8:59  Refinery  
  75  9:08  Orbital Command  
  75  9:21  Marauder  
  77  9:31  Barracks x2  
  77  9:33  Marine x2  
  77  9:36  Barracks  
  79  9:42  Marauder  
  81  9:51  Marine x2  
  83  10:04  Marauder  
  85  10:08  Marine  
  85  10:09  Marine  
  85  10:11  Siege Tank  
  90  10:19  Combat Shield  
  90  10:21  Barracks x2  
  90  10:25  Marauder  
  90  10:26  Marine x2  
  90  10:27  Refinery, SCV x3  
  97  10:39  SCV x3  
  100  10:43  Siege Tank  
  100  10:44  Marine x2  
  100  10:45  Barracks Reactor x2, Barracks Tech Lab  
  100  10:46  Marauder  
  107  10:51  SCV x3  
  107  10:52  Command Center  
  108  11:03  SCV  
  109  11:08  Marauder  
  104  11:37  SCV x3  
  107  11:49  Barracks Tech Lab, SCV x3  
  107  11:50  Barracks Tech Lab  
  107  11:52  Marauder x2, Marine  
  107  11:53  Marine x5  
  120  11:57  Siege Tank  
  120  12:00  Terran Infantry Armor Level 2, Terran Infantry Weapons Level 2  
  120  12:01  SCV  
  124  12:02  SCV x2  
  126  12:10  Marine  
  126  12:11  Marine x5  
  126  12:13  Marauder x2  
  136  12:28  Marine  
  136  12:29  Marine x5, Siege Tank  
  145  12:34  Marauder x2  
  134  12:46  Marine  
  134  12:47  Marine x5  
  132  12:56  Marauder x2  
  132  13:17  Marauder x2  
  98  13:43  Marauder x2, Marine  
  98  13:44  Marine x5  
  108  13:57  Orbital Command  
  108  14:01  Marine x5  
  108  14:02  Marine  
  114  14:03  SCV x3  
  114  14:04  Marauder x2  
  114  14:06  Terran Vehicle And Ship Armor Level 1  
  121  14:11  Armory  
  121  14:12  Starport Tech Lab  
  121  14:19  Marine x6  
  127  14:24  Starport x2  
  127  14:25  Marauder  
  127  14:26  Marauder  
  127  14:27  Sensor Tower  
  131  14:37  Marine x6  
  127  14:46  Sensor Tower  
  127  14:47  Marauder x2  
  104  14:57  Marine x6  
  106  15:00  Siege Tank  
  106  15:03  Starport  
  105  15:08  Marauder  
  105  15:09  Marauder  
  98  15:15  Marine x6  
  104  15:29  Marauder  
  104  15:30  Marauder  
  104  15:32  Marine, Siege Tank  
  104  15:33  Marine x5  
  117  15:36  Marauder  
  117  15:37  Marauder  
  117  15:42  Refinery  
  121  15:44  Starport Tech Lab x3  
  121  15:45  Banshee  
  124  15:50  Marine  
  124  15:51  Marauder x2, Marine x5  
  134  15:57  Marauder  
  134  15:58  Marauder  
  141  16:08  Marine x5  
  141  16:09  Marine  
Show
View Real Time Build Order
Export as new Build Order

qqq Zerg - Winner!

Build Orders: Hatch First 

Get SALT Encoding   

  12  0:02  Drone  
  13  0:08  Drone  
  14  0:36  Hatchery  
  13  0:42  Overlord  
  13  0:46  Drone  
  14  0:50  Extractor  
  14  0:52  Drone  
  14  1:11  Spawning Pool  
  13  1:17  Drone  
  14  1:20  Drone  
  15  1:26  Drone  
  16  1:32  Drone  
  17  1:43  Drone  
  18  1:57  Drone x2  
  20  2:08  Queen, Zergling x2  
  21  2:10  Drone  
  21  2:11  Drone  
  21  2:15  Zergling x2  
  26  2:20  Metabolic Boost  
  26  2:30  Spine Crawler  
  26  2:31  Drone  
  26  2:34  Drone  
  27  2:37  Drone  
  27  2:42  Overlord  
  28  2:48  Overlord  
  28  3:10  Zergling x4  
  28  3:11  Drone x3  
  28  3:12  Queen  
  33  3:16  Lair  
  33  3:19  Zergling x2  
  36  3:24  Overlord  
  36  3:29  Overlord  
  36  3:38  Drone, Baneling Nest  
  36  3:39  Overlord  
  36  3:43  Drone  
  37  3:52  Zergling x2  
  37  3:53  Zergling x2  
  37  3:54  Drone  
  40  3:58  Drone  
  41  4:04  Zergling x6  
  41  4:06  Drone  
  41  4:08  Zergling x2  
  46  4:18  Drone, Zergling x2  
  46  4:24  Baneling x6  
  48  4:28  Zergling x2  
  48  4:29  Drone x2  
  48  4:30  Drone  
  52  4:42  Spore Crawler  
  50  4:58  Zergling x6  
  50  4:59  Drone x3  
  56  5:18  Drone x2  
  58  5:21  Spire  
  58  5:24  Drone x2  
  58  5:25  Hatchery  
  57  5:34  Hatchery  
  45  5:55  Zergling x6  
  45  5:56  Drone x3  
  48  6:06  Extractor, Drone  
  48  6:07  Extractor  
  48  6:09  Extractor  
  46  6:19  Drone x2  
  46  6:23  Zergling x2  
  49  6:29  Zergling x4  
  51  6:35  Mutalisk x3  
  57  6:45  Zergling x2  
  57  6:46  Zergling x8  
  61  7:02  Mutalisk x2  
  61  7:04  Zergling x4  
  61  7:05  Drone x5  
  72  7:26  Overlord x7  
  72  7:45  Drone x5  
  72  7:46  Drone, Mutalisk x5  
  72  7:47  Zergling x4  
  72  7:48  Zergling x2  
  91  7:54  Hatchery  
  86  8:07  Mutalisk x2  
  86  8:09  Zergling x8  
  86  8:10  Drone x4  
  91  8:14  Hatchery  
  85  8:28  Mutalisk x3  
  85  8:30  Drone x4  
  94  9:03  Hatchery  
  94  9:06  Drone  
  94  9:07  Drone x6  
  94  9:09  Hatchery  
  89  9:15  Drone x3  
  77  9:23  Drone x3  
  75  9:28  Queen  
  74  9:39  Zerg Flyer Weapons Level 1  
  74  9:42  Drone x6  
  74  9:43  Drone x6  
  74  9:45  Mutalisk x2  
  90  10:02  Drone x3  
  90  10:03  Drone x4  
  90  10:06  Extractor  
  96  10:07  Extractor, Spine Crawler, Hatchery  
  96  10:08  Spine Crawler  
  82  10:17  Mutalisk  
  82  10:19  Zergling x4  
  86  10:23  Drone x2  
  86  10:25  Infestation Pit  
  88  10:28  Drone x3  
  88  10:29  Drone x7  
  88  10:34  Spine Crawler  
  88  10:35  Spine Crawler  
  95  10:37  Drone x7  
  95  10:38  Drone  
  95  10:40  Corruptor  
  105  10:44  Drone  
  106  10:52  Zergling x2  
  106  10:53  Zergling x12  
  106  10:54  Zergling x12  
  116  11:05  Mutalisk x2  
  116  11:07  Zergling x4  
  116  11:09  Hive  
  113  11:20  Drone x5  
  113  11:21  Drone  
  113  11:24  Zergling x4  
  121  11:26  Overlord x3  
  121  11:30  Evolution Chamber  
  121  11:31  Evolution Chamber  
  119  11:33  Zerg Flyer Armor Level 1  
  119  11:35  Hatchery  
  118  11:45  Drone  
  118  11:46  Drone x2  
  121  11:52  Extractor  
  121  11:53  Extractor, Spine Crawler  
  118  11:54  Spine Crawler  
  118  11:55  Spine Crawler x2  
  115  12:07  Drone  
  115  12:08  Drone x7, Mutalisk x3  
  116  12:09  Zergling x6  
  116  12:10  Zergling x6  
  129  12:26  Extractor  
  129  12:27  Extractor  
  129  12:29  Mutalisk x2  
  127  12:30  Mutalisk  
  127  12:36  Drone  
  127  12:37  Drone x2, Zergling x4  
  136  12:38  Zergling x14  
  131  12:55  Mutalisk x3  
  131  12:56  Mutalisk  
  111  13:10  Drone x6, Mutalisk x2  
  117  13:19  Corruptor  
  114  13:22  Zergling x4  
  114  13:23  Zergling x10  
  114  13:25  Extractor  
  114  13:26  Extractor  
  121  13:27  Spine Crawler x2  
  121  13:28  Spine Crawler  
  121  13:32  Drone x3, Mutalisk x2  
  121  13:33  Zergling x2  
  121  13:34  Zergling x14  
  128  13:39  Overlord x2  
  128  13:40  Corruptor  
  135  13:46  Drone x2  
  137  13:52  Greater Spire  
  137  13:53  Mutalisk x2  
  137  13:55  Zergling x4  
  143  13:56  Zergling x16  
  143  13:57  Overlord x5  
  143  13:58  Overlord  
  148  14:19  Mutalisk x5  
  148  14:23  Mutalisk x2, Zergling x14  
  148  14:24  Zergling x6  
  159  14:25  Zergling x10  
  159  14:28  Pneumatized Carapace  
  159  14:29  Overseer  
  168  14:35  Drone  
  169  14:39  Drone  
  169  14:40  Drone  
  169  14:41  Drone x5  
  169  14:42  Drone  
  177  14:53  Spine Crawler x2  
  177  14:59  Drone x2  
  177  15:00  Drone x2  
  177  15:04  Hatchery  
  147  15:22  Mutalisk x2, Corruptor x2  
  147  15:23  Corruptor x4  
  147  15:25  Zergling x10  
  147  15:26  Zergling x4  
  170  15:32  Brood Lord x3  
  170  15:33  Corruptor x2  
  170  15:34  Corruptor x5  
  190  15:36  Zergling x12  
  190  15:42  Drone x2  
  198  15:43  Drone x2  
Tags
 
Add a new tag
Caveats
  • Supply blocks, unpowered buildings, or Contaminate may cause inaccurate times.
  • Supply counts are checked every 10 seconds.